AoeStats
← nicerboi

Golden Pit

508962947Analyzed
1v1 RM · 8d ago on Sep 24, 2026· 54m 24s· 2 players
Game mode
Random Map
Map size
Tiny (2 player)
Population
200
Speed
Normal
Resources
Standard
Victory
Conquest
Starting age
Dark Age
Ending age
Imperial Age
RankedLock teamsTeams togetherTeam positionsShared explorationLock speedFull tech treeHidden civsTurbo modeCheats
Victory
Defeat
🇩🇪 Mongols · Germany
1144
+16
🇵🇹 Spanish · Portugal
1142
-16
Toxytocin
8:41 Loom
11:15 Feudal Age
15:49 Castle Age
34:39 Padded Archer Armor
44:27 Imperial Age
43:53 Wheelbarrow
43:06 Double-Bit Axe
43:34 Gold Mining
47:48 Elite Conquistador
50:03 Leather Archer Armor
52:17 Ring Archer Armor
53:34 Elite Skirmisher
nicerboi
6:06 Loom
8:52 Feudal Age
11:06 Horse Collar
11:14 Double-Bit Axe
14:10 Fletching
18:27 Padded Archer Armor
20:39 Castle Age
20:31 Padded Archer Armor
23:00 Crossbowman
23:05 Elite Skirmisher
26:55 Bodkin Arrow
32:45 Ballistics
43:26 Bow Saw
43:53 Wheelbarrow
44:09 Bloodlines
44:19 Thumb Ring
44:26 Town Watch
50:19 Imperial Age
48:19 Masonry
50:42 Hand Cart
51:31 Conscription
51:41 Drill
51:38 Capped Ram
53:03 Siege Ram
Connection lost

Rejoining the realm…

Still unreachable

The connection could not be restored.

Session expired

The server has moved on; the page needs a fresh start.